 Dungeon Crawl Stone Soup version 0.21.1-1-g345015f (webtiles) character file.

646 letownia2 the Spear-Bearer (level 7, 0/81 HPs)
             Began as a Merfolk Gladiator on Feb 13, 2018.
             Slain by a killer bee (4 damage)
             ... on level 6 of the Dungeon.
             The game lasted 00:10:43 (1614 turns).

letownia2 the Spear-Bearer (Merfolk Gladiator)      Turns: 1614, Time: 00:10:44

Health: 0/81       AC: 23    Str: 19    XL:     7   Next: 52%
Magic:  7/7        EV:  2    Int:  9    God:
Gold:   135        SH:  0    Dex: 16    Spells: 6/6 levels left

rFire    + . .     SeeInvis .   a - +0 trident
rCold    + . .     Gourm    .   (no shield)
rNeg     + + +     Faith    .   (armour currently unavailable)
rPois    +         Spirit   .   (helmet currently unavailable)
rElec    +         Reflect  .   (cloak currently unavailable)
rCorr    +         Harm     .   (gloves currently unavailable)
MR       .....     NoTele   +   (boots currently unavailable)
Stlth    +.........             (no amulet)
HPRegen  0.23/turn              (no ring)
MPRegen  0.10/turn              (no ring)

@: mighty, lethally poisoned (0 -> -2), tree-form, resistant, hasted, very quick
A: (change form in water), (swift swim), (stealthy swim), clever 1, weak 1
a: no special abilities


You were on level 6 of the Dungeon.
You were hungry.
You were a tree.
You visited 1 branch of the dungeon, and saw 6 of its levels.

You collected 135 gold pieces.

Inventory:

Hand Weapons
 a - a +0 trident (weapon)
 e - a +0 hunting sling
 g - a +0 flail
 y - a +1 dagger of venom
Missiles
 k - 3 javelins (quivered)
Armour
 b - a +0 leather armour
 c - a +0 helmet (melded)
 n - a +0 ring mail (melded)
 q - a cursed +0 chain mail
 t - a +0 pair of gloves (melded)
 z - a scarf of cloud immunity (melded)
Wands
 p - a wand of random effects (12)
Scrolls
 h - 5 scrolls of identify {unknown}
 i - a scroll of amnesia {unknown}
 j - 2 scrolls of remove curse {unknown}
 r - a scroll of teleportation {unknown}
 s - a scroll of enchant weapon {unknown}
 w - a scroll of enchant armour {unknown}
 x - a scroll of holy word {unknown}
Potions
 v - a potion of might
Comestibles
 f - 8 rations


   Skills:
 + Level 4.2 Fighting
 + Level 9.1 Polearms
 - Level 2.0 Throwing
 - Level 2.0 Armour
 + Level 6.0 Dodging


You had 6 spell levels left.
You didn't know any spells.

Dungeon Overview and Level Annotations

Branches:
Dungeon (6/15)
 Temple: D:4-7

Altars:
Ashenzari
Makhleb

Shops:
D:4 =   D:5 [

Annotations:
D:4 Duvessa


Innate Abilities, Weirdness & Mutations

((You revert to your normal form in water.))
((You are very nimble and swift while swimming.))
((You are very stealthy in the water. (Stealth+)))
((You are partially covered in large bone plates. (SH +4)))
Your mind is acute. (Int +2)
You are weak. (Str -2)


Message History

* * * LOW HITPOINT WARNING * * *
The killer bee completely misses you.
It was a potion of haste.
You feel yourself speed up. The killer bee stings you.
* * * LOW HITPOINT WARNING * * *
The killer bee barely misses you.
Unknown command.
It was a potion of lignification.
You turn into a tree.
Your scarf of cloud immunity melds into your body.
Your +0 helmet melds into your body.
Your +0 pair of gloves melds into your body.
Your +0 ring mail melds into your body.
You feel vulnerable to the effects of clouds.
Your roots penetrate the ground.
The killer bee stings you but does no damage. x2
It was a potion of mutation.
You feel extremely strange.
Large bone plates grow over parts of your arms.
You feel weaker.
You feel clever. The killer bee stings you.
You die...

###### #....#
#♣##.#
######y#<.###
.......y.....#
######.....#.#
#...#.# #
##.#### #.#
#.. #.#


You could see 2 killer bees.

Vanquished Creatures
  An ice beast (D:5)
  An ogre (D:4)
  Dowan (D:4)
  A howler monkey (D:5)
  2 orc wizards (D:4)
  3 orc priests
  A centaur skeleton (D:4)
  A hound (D:4)
  2 iguanas (D:5)
  3 worker ants
  4 adders
  A shadow imp (D:5)
  2 worms
  A dart slug (D:3)
  2 leopard geckos (D:5)
  7 orcs
  A ball python (D:5)
  5 bats (D:2)
  A giant cockroach (D:5)
  4 goblins
  3 hobgoblins (D:1)
  3 jackals (D:3)
  5 kobolds
  2 quokkas
  2 frilled lizards
  A quokka zombie (D:5)
  4 rats
64 creatures vanquished.

Vanquished Creatures (collateral kills)
  A dart slug (D:4)
1 creature vanquished.

Grand Total: 65 creatures vanquished

Notes
Turn   | Place    | Note
-------+----------+-------------------------------------------
     0 | D:1      | letownia2 the Merfolk Gladiator began the quest for the Orb.
     0 | D:1      | Reached XP level 1. HP: 16/16 MP: 1/1
    71 | D:1      | Reached skill level 5 in Polearms
    84 | D:1      | Reached XP level 2. HP: 16/22 MP: 2/2
   127 | D:2      | Reached skill level 6 in Polearms
   127 | D:2      | Reached XP level 3. HP: 19/27 MP: 3/3
   343 | D:2      | Reached XP level 4. HP: 10/33 MP: 4/4
   532 | D:4      | Reached skill level 7 in Polearms
   541 | D:4      | Reached skill level 1 in Armour
   562 | D:4      | Reached XP level 5. HP: 33/38 MP: 5/5
   587 | D:5      | Entered Level 5 of the Dungeon
   753 | D:5      | Noticed an ice beast
   803 | D:4      | Noticed Dowan
   804 | D:4      | Noticed Duvessa
   818 | D:5      | Found Ygamip's Antique Armour Shop.
   895 | D:5      | Reached XP level 6. HP: 21/46 MP: 6/6
   946 | D:5      | Reached skill level 8 in Polearms
  1067 | D:4      | Reached skill level 5 in Dodging
  1136 | D:5      | Reached XP level 7. HP: 14/52 MP: 7/7
  1312 | D:4      | Found Lybo's Jewellery Emporium.
  1506 | D:4      | Found a burning altar of Makhleb.
  1506 | D:4      | Found a shattered altar of Ashenzari.
  1518 | D:4      | Killed Dowan
  1541 | D:5      | Reached skill level 9 in Polearms
  1612 | D:6      | HP: 2/54 [killer bee (4)]
  1614 | D:6      | Gained mutation: You are partially covered in large bone plates. (SH +4) [potion of mutation]
  1614 | D:6      | Gained mutation: You are weak. (Str -2) [potion of mutation]
  1614 | D:6      | Gained mutation: Your mind is acute. (Int +2) [potion of mutation]
  1614 | D:6      | Slain by a killer bee

Skill      XL: |  1  2  3  4  5  6  7 |
---------------+----------------------+-----
Polearms       | 5 6 7 8 9 |  9.1
Armour         | 1 2 |  2.0
Fighting       | 3 4 |  4.2
Dodging        | 5 6 |  6.0
Throwing       | |  2.0

Action                   |  1- 3 |  4- 6 |  7- 9 || total
-------------------------+-------+-------+-------++-------
Melee: Trident           |    93 |   114 |    33 ||   240
Throw: Throwing net      |     4 |     3 |       ||     7
       Javelin           |     2 |    12 |     2 ||    16
Evoke: Wand              |       |     7 |     8 ||    15
  Use: Potion            |       |     1 |     6 ||     7
 Stab: Held in net/web   |     1 |       |       ||     1
       Sleeping          |     1 |       |       ||     1
  Eat: Chunk             |       |     1 |     1 ||     2
Armor: Leather armour    |    16 |       |       ||    16
       Ring mail         |     6 |    18 |    11 ||    35
       Skin              |       |       |     2 ||     2
Dodge: Dodged            |    58 |    49 |    38 ||   145
